 Dungeon Crawl Stone Soup version 0.26-a0-708-g17f3b190f9 (webtiles) character file.

Game seed: 9496041900335273166

59 P0NYSLAYSTATION the Slasher (level 4, -2/40 HPs)
             Began as a Hill Orc Monk on Oct 29, 2020.
             Slain by an orc
             ... wielding a +0 flail
              (6 damage)
             ... on level 4 of the Dungeon.
             The game lasted 00:03:34 (1297 turns).

P0NYSLAYSTATION the Slasher (Hill Orc Monk)         Turns: 1297, Time: 00:03:35

Health: -2/40      AC:  6    Str: 14    XL:     4   Next: 3%
Magic:  4/4        EV: 11    Int: 10    God:
Gold:   18         SH:  0    Dex: 13    Spells: 3/3 levels left

rFire    . . .     SeeInvis .   a - +0 falchion
rCold    . . .     Faith    .   (no shield)
rNeg     . . .     Spirit   .   h - +0 ring mail
rPois    .         Reflect  .   d - +0 helmet
rElec    .         Harm     .   (no cloak)
rCorr    .         Rampage  .   (no gloves)
MR       .....                  (no boots)
Stlth    +.........             (no amulet)
HPRegen  0.13/turn              (no ring)
MPRegen  0.09/turn              (no ring)

@: lethally poisoned (-2 -> -29)
A: no striking features
a: no special abilities


You were on level 4 of the Dungeon.
You visited 1 branch of the dungeon, and saw 4 of its levels.

You collected 18 gold pieces.

Inventory:

Hand Weapons
 a - a +0 falchion (weapon)
Armour
 b - a +0 robe
 d - a +0 helmet (worn)
 f - a +0 scale mail
 h - a +0 ring mail (worn)
Scrolls
 c - 2 scrolls of amnesia {unknown}
 e - a scroll of immolation {unknown}
 g - a scroll of blinking {unknown}


   Skills:
 + Level 4.1 Fighting
 + Level 4.4 Long Blades
 + Level 0.2 Armour
 + Level 2.9 Dodging
 + Level 1.5 Stealth


You had 3 spell levels left.
You didn't know any spells.
Your spell library was empty.

Dungeon Overview and Level Annotations

Branches:
Dungeon (4/15)
 Temple: D:4-7

Altars:


Message History

The orc is moderately wounded.
You feel very sick. The orc hits you with a +0 flail.
You are too injured to fight recklessly!
You are too injured to fight recklessly!
You are too injured to fight recklessly!
You barely miss the orc.
The orc is moderately wounded.
You feel sick. The orc wizard casts a spell at you. The magic dart hits you.
* * * LOW HITPOINT WARNING * * *
The orc hits you with a +0 flail.
* * * LOW HITPOINT WARNING * * *
You closely miss the orc.
The orc is moderately wounded.
* * * LOW HITPOINT WARNING * * *
You feel very sick. The orc hits you with a +0 flail.
You die...

##.## ##.###. #.# ##.#.#
#.# ##..# ##'## #...
##...## #.## ####
##.....## #.## .....
##.......## #..#
......##.........####...
......o@.........+......
#...#.##!).......####...
# # ##o......## #..#
##.....## #.## ##...##
#.# ##+## #.# #.# #.#
#.#


You could see an orc wizard (fast) and an orc.

Vanquished Creatures
  An ooze (D:3)
  A worm (D:2)
  A leopard gecko (D:1)
  6 orcs
  A giant cockroach (D:3)
  3 goblins
  3 hobgoblins (D:1)
  9 jackals
  A kobold (D:1)
  4 bats
  9 frilled lizards
  3 rats (D:3)
42 creatures vanquished.

Vanquished Creatures (others)
  7 plants (D:1)
7 creatures vanquished.

Grand Total: 49 creatures vanquished

Notes
Turn   | Place    | Note
-------+----------+-------------------------------------------
     0 | D:1      | P0NYSLAYSTATION the Hill Orc Monk began the quest for the
                  | Orb.
     0 | D:1      | Reached XP level 1. HP: 19/19 MP: 1/1
   125 | D:1      | Reached XP level 2. HP: 15/27 MP: 2/2
   556 | D:2      | You fall into a shaft and drop 1 floor!
   627 | D:3      | Reached XP level 3. HP: 15/33 MP: 3/3
  1280 | D:4      | Reached XP level 4. HP: 40/40 MP: 4/4
  1297 | D:4      | Slain by an orc

Illustrated notes

Levels and vault maps discovered:
D:1:      minmay_arrival_wavy_path, layout_loops_cross, chequers_garden,
          minmay_lizard_king
D:2:      layout_loops_ring, gammafunk_temple_overflow_arena, uniq_sigmund
D:3:      layout_rooms, elyvilon_altar_1
D:4:      layout_loops_corners, serial_shops, nicolae_shop_waterfront,
          kennysheep_small_square

Skill      XL: |  1  2  3 |
---------------+----------+-----
Fighting       | 4 |  4.1
Long Blades    | 4 |  4.4
Armour         | |  0.2
Dodging        | |  2.9
Stealth        | |  1.5

Action                   |  1- 3 |  4- 6 || total
-------------------------+-------+-------++-------
Melee: Falchion          |   119 |    14 ||   133
Armor: Robe              |     9 |       ||     9
       Scale mail        |    41 |       ||    41
       Ring mail         |       |     5 ||     5
Dodge: Dodged            |    99 |     3 ||   102
       Rpst.: Falchion   |    27 |       ||    27

Table legend: (Time is in decaauts)
 A = Elapsed time spent in this place.
 B = Non-inter-level travel time spent in this place.
 C = Inter-level travel time spent in this place.
 D = Time resting spent in this place.
 E = Time spent auto-exploring this place.
 F = Levels seen in this place.
 G = Mean time per level.
                   A        B        C        D        E       F      G
               +--------+--------+--------+--------+--------+-----+--------+
         Total |   1314 |   1314 |      0 |    546 |    395 |   4 |  328.5 |
       Dungeon |   1314 |   1314 |      0 |    546 |    395 |   4 |  328.5 |
               +--------+--------+--------+--------+--------+-----+--------+

Top non-repeatable levels by time:
     D:1: 558 daAuts
     D:3: 330 daAuts
     D:2: 327 daAuts
     D:4: 97 daAuts
